 Dungeon Crawl Stone Soup version 0.29-a0-887-gcbe080d7e0 (webtiles) character file.

Game seed: 10736628861296245661

58 jimonade the Magician (level 4, -6/32 HPs)
             Began as a Gnoll Hedge Wizard on July 21, 2022.
             Mangled by Natasha (8 damage)
             ... on level 2 of the Dungeon.
             The game lasted 00:02:41 (1597 turns).

jimonade the Magician (Gnoll Hedge Wizard)          Turns: 1597, Time: 00:02:43

Health: -6/32      AC:  2    Str: 11    XL:     4   Next: 1%
Magic:  9/13       EV: 13    Int: 14    God:
Gold:   32         SH:  0    Dex: 11    Spells: 14/17 levels left

rFire   . . .      SeeInvis .   a - +3 dagger
rCold   . . .      Faith    .   (no shield)
rNeg    . . .      Spirit   .   b - +0 robe
rPois   +          Reflect  .   c - +0 hat
rElec   .          Harm     .   (no cloak)
rCorr   .          Rampage  .   (no gloves)
Will    +....                   (no boots)
Stlth   ++........              (no amulet)
HPRegen 0.10/turn               l - ring of poison resistance
MPRegen 0.13/turn               p - ring of willpower

@: very slightly contaminated
A: fangs 1, strong nose, distributed training
a: no special abilities


You were on level 2 of the Dungeon.
You visited 1 branch of the dungeon, and saw 2 of its levels.

You collected 32 gold pieces.

Inventory:

Hand Weapons
 a - a +3 dagger (weapon)
 q - a +0 dagger
Missiles
 h - 7 stones
 j - 3 curare-tipped darts
Armour
 b - a +0 robe (worn)
 c - a +0 hat (worn)
Jewellery
 l - a ring of poison resistance (left hand)
 p - a ring of willpower (right hand)
Scrolls
 e - 2 scrolls of noise {unknown}
 g - a scroll of fog {unknown}
 k - a scroll of vulnerability {unknown}
 n - a scroll of amnesia {unknown}
 o - 3 scrolls of teleportation {unknown}
Potions
 d - a potion of magic
 f - a potion of ambrosia {unknown}
 i - a potion of lignification {unknown}
 m - a potion of might {unknown}


   Skills:
 + Level 1.0 Fighting
 + Level 1.0 Short Blades
 + Level 1.0 Long Blades
 + Level 1.0 Axes
 + Level 1.0 Maces & Flails
 + Level 1.0 Polearms
 + Level 1.0 Staves
 + Level 1.0 Ranged Weapons
 + Level 1.0 Throwing
 + Level 1.0 Armour
 + Level 4.6 Dodging
 + Level 4.2 Stealth
 + Level 1.0 Shields
 + Level 1.0 Unarmed Combat
 + Level 7.2 Spellcasting
 + Level 2.2 Conjurations
 + Level 0.8 Hexes
 + Level 2.2 Summonings
 + Level 0.8 Necromancy
 + Level 2.2 Translocations
 + Level 0.8 Transmutations
 + Level 0.8 Fire Magic
 + Level 0.8 Ice Magic
 + Level 0.8 Air Magic
 + Level 0.8 Earth Magic
 + Level 0.8 Poison Magic
 + Level 1.1 Invocations
 + Level 1.0 Evocations


You had 14 spell levels left.
You knew the following spells:

 Your Spells              Type           Power      Damage    Failure   Level
a - Magic Dart            Conj           44%        1d5       5%          1
b - Blink                 Tloc           22%        N/A       9%          2

Your spell library contained the following spells:

 Spells                   Type           Power      Damage    Failure   Level
 Call Imp                 Summ           11%        N/A       9%          2
 Slow                     Hex            28%        N/A       10%         1
 Conjure Flame            Conj/Fire      9%         6-21      22%         3
 Mephitic Cloud           Conj/Pois/Air  8%         N/A       24%         3


Dungeon Overview and Level Annotations

Branches:
Dungeon (2/15)

Altars:

Annotations:
D:2 Natasha


Innate Abilities, Weirdness & Mutations

You have very sharp teeth.
Your uncanny sense of smell can sniff out nearby items.
Your experience applies equally to all skills.


Message History

The magic dart hits the endoplasm.
You kill the endoplasm!
You have reached level 4!
You feel clever.
You start resting.
Magic restored.
You start resting.
Natasha, Servant of Life and Death comes into view.
Natasha is nearby!
The magic dart hits Natasha.
Natasha is moderately wounded.
Natasha hisses angrily.
The magic dart hits Natasha but does no damage.
Natasha is moderately wounded.
You miscast Magic Dart.
You are very lightly contaminated with residual magic.
Nothing appears to happen.
Natasha casts a spell.
The magic dart hits the white imp.
The white imp is moderately wounded.
The magic dart hits the white imp but does no damage.
The white imp is moderately wounded.
The white imp completely misses you.
Natasha casts a spell.
The white imp barely misses you.
You hit Natasha.
Natasha is moderately wounded.
Natasha claws you but does no damage. The white imp gestures at you.
The puff of frost hits you! The white imp misses you.
You closely miss Natasha.
Natasha is moderately wounded.
Natasha claws you!
You hit Natasha. You bite Natasha, but do no damage.
Natasha is heavily wounded.
The white imp gestures at you. The puff of frost hits you!
* * * LOW HITPOINT WARNING * * *
Natasha claws you!
You die...

#.########### #...#
#...........#######...#
##########.............
#..#######...# #..#
#...# ##..#######...#
#####..............
#..................
#.@.5...#######...#
#.5h..............#
#####+#.#...###.#.#
#.#.#...###.#.#
................
.#.##.######)#.# #. #.#
#...... # .........#K#
#.)####.###.#


You could see Natasha and 2 white imps.

Vanquished Creatures
  Natasha (D:2)
  5 endoplasms
  2 giant cockroaches
  4 goblins
  A hobgoblin (D:1)
  4 kobolds
  3 quokkas
  3 ball pythons
  2 frilled lizards (D:1)
  5 rats
30 creatures vanquished.

Notes
Turn   | Place    | Note
-------+----------+-------------------------------------------
     0 | D:1      | jimonade the Gnoll Hedge Wizard began the quest for the
                  | Orb.
     0 | D:1      | Reached XP level 1. HP: 13/13 MP: 8/8
   254 | D:1      | Reached XP level 2. HP: 19/19 MP: 7/10
   833 | D:1      | Found a faded altar of an unknown god.
   915 | D:1      | Learned a level 2 spell: Blink
  1268 | D:2      | Reached XP level 3. HP: 25/25 MP: 9/11
  1383 | D:2      | Noticed Natasha
  1402 | D:2      | Killed Natasha
  1403 | D:2      | Reached skill level 1 in Fighting
  1403 | D:2      | Reached skill level 1 in Short Blades
  1403 | D:2      | Reached skill level 1 in Long Blades
  1403 | D:2      | Reached skill level 1 in Axes
  1403 | D:2      | Reached skill level 1 in Maces & Flails
  1403 | D:2      | Reached skill level 1 in Polearms
  1403 | D:2      | Reached skill level 1 in Staves
  1403 | D:2      | Reached skill level 1 in Ranged Weapons
  1403 | D:2      | Reached skill level 1 in Throwing
  1403 | D:2      | Reached skill level 1 in Armour
  1403 | D:2      | Reached skill level 1 in Shields
  1403 | D:2      | Reached skill level 1 in Unarmed Combat
  1403 | D:2      | Reached skill level 1 in Invocations
  1403 | D:2      | Reached skill level 1 in Evocations
  1433 | D:2      | Reached XP level 4. HP: 15/32 MP: 7/13
  1588 | D:2      | Noticed Natasha
  1597 | D:2      | Mangled by Natasha

Illustrated notes

Levels and vault maps discovered:
D:1:      lightli_arrival_statuegarden, layout_basic,
          hellmonk_ecumenical_altar_heavens_door, chequers_serial_rivers_marsh
D:2:      layout_basic, minmay_ruptured, uniq_natasha

Skill      XL: |  1  2  3 |
---------------+----------+-----
Conjurations   | 2 |  2.2
Summonings     | 2 |  2.2
Translocations | 2 |  2.2
Fighting       | 1 |  1.0
Short Blades   | 1 |  1.0
Long Blades    | 1 |  1.0
Axes           | 1 |  1.0
Maces & Flails | 1 |  1.0
Polearms       | 1 |  1.0
Staves         | 1 |  1.0
Ranged Weapons | 1 |  1.0
Throwing       | 1 |  1.0
Armour         | 1 |  1.0
Shields        | 1 |  1.0
Unarmed Combat | 1 |  1.0
Invocations    | 1 |  1.1
Evocations     | 1 |  1.0
Dodging        | |  4.6
Stealth        | |  4.2
Spellcasting   | |  7.2
Hexes          | |  0.8
Necromancy     | |  0.8
Transmutations | |  0.8
Fire Magic     | |  0.8
Ice Magic      | |  0.8
Air Magic      | |  0.8
Earth Magic    | |  0.8
Poison Magic   | |  0.8

Action                   |  1- 3 |  4- 6 || total
-------------------------+-------+-------++-------
Melee: Dagger            |     4 |     3 ||     7
       Bite              |     2 |     1 ||     3
 Cast: Magic Dart        |    72 |     4 ||    76
Armor: Robe              |     2 |     1 ||     3
Dodge: Dodged            |     7 |     3 ||    10

Table legend: (Time is in decaauts)
 A = Elapsed time spent in this place.
 B = Non-inter-level travel time spent in this place.
 C = Inter-level travel time spent in this place.
 D = Time resting spent in this place.
 E = Time spent auto-exploring this place.
 F = Levels seen in this place.
 G = Mean time per level.
                   A        B        C        D        E       F      G
               +--------+--------+--------+--------+--------+-----+--------+
         Total |   1596 |   1543 |     53 |    343 |    963 |   2 |  798.0 |
       Dungeon |   1596 |   1543 |     53 |    343 |    963 |   2 |  798.0 |
               +--------+--------+--------+--------+--------+-----+--------+

Top non-repeatable levels by time:
     D:1: 1142 daAuts
     D:2: 453 daAuts
